 Dungeon Crawl Stone Soup version 0.29.1-14-g9c671dbff4 (webtiles) character file.

Game seed: 13240427566357830906

39 promet the Magician (level 3, 0/31 HPs)
             Began as a Troll Hedge Wizard on Feb 18, 2023.
             Succumbed to a kobold's poison
             ... on level 2 of the Dungeon.
             The game lasted 00:07:17 (1290 turns).

promet the Magician (Troll Hedge Wizard)            Turns: 1290, Time: 00:07:17

Health: 0/31       AC:  8    Str: 18    XL:     3   Next: 28%
Magic:  5/5        EV:  9    Int: 12    God:
Gold:   43         SH:  0    Dex:  9    Spells: 3/6 levels left

rFire   . . .      SeeInvis .   (no weapon)
rCold   . . .      Faith    .   (no shield)
rNeg    . . .      Spirit   .   b - +0 robe
rPois   .          Reflect  .   c - +0 hat
rElec   .          Harm     .   (no cloak)
rCorr   .          Rampage  .   (gloves unavailable)
Will    .....                   (boots unavailable)
Stlth   +.........              (no amulet)
HPRegen 0.90/turn               e - +4 ring of protection
MPRegen 0.09/turn               (no ring)

@: lethally poisoned (0 -> -12), hasted, very quick
A: large, unfitting armour, claws 3, regeneration 1, shaggy fur 1, tough skin 1
a: no special abilities


You were on level 2 of the Dungeon.
You visited 1 branch of the dungeon, and saw 2 of its levels.

You collected 43 gold pieces.

Inventory:

Hand Weapons
 a - a +0 dagger
 g - a +0 trident
 j - a +0 trident
Armour
 b - a +0 robe (worn)
 c - a +0 hat (worn)
Jewellery
 e - a +4 ring of protection (left claw)
Wands
 k - a wand of charming (10)
Scrolls
 i - a scroll of teleportation {unknown}
Potions
 d - a potion of magic
 f - a potion of haste
 h - a potion of might {unknown}


   Skills:
 + Level 1.7 Dodging
 + Level 1.3 Stealth
 + Level 0.7 Unarmed Combat
 + Level 2.3 Spellcasting
 + Level 1.1 Conjurations
 + Level 0.6 Summonings
 + Level 0.6 Translocations


You had 3 spell levels left.
You knew the following spells:

 Your Spells              Type           Power      Damage    Failure   Level
a - Magic Dart            Conj           16%        1d3       16%         1
b - Blink                 Tloc           4%         N/A       30%         2

Your spell library contained the following spells:

 Spells                   Type           Power      Damage    Failure   Level
 Slow                     Hex            4%         N/A       26%         1
 Call Imp                 Summ           2%         N/A       30%         2
 Conjure Flame            Conj/Fire      2%         6-21      52%         3
 Mephitic Cloud           Conj/Pois/Air  2%         N/A       56%         3
 Ignite Poison            Fire/Tmut/Pois 1%         N/A       63%         3
 Sticky Flame             Conj/Fire      2%         2d3       90%         4


Dungeon Overview and Level Annotations

Branches:
Dungeon (2/15)

Altars:


Innate Abilities, Weirdness & Mutations

You are too large for most types of armour.
You have claws for hands.
Your natural rate of healing is unusually fast.
You are covered in fur. (AC +1)
You have tough skin. (AC +1)


Message History

The bat hits you but does no damage.
You scratch the bat.
The bat is moderately wounded.
The bat closely misses you. The bat barely misses you.
The bat barely misses you. The kobold hits you but does no damage.
You are poisoned.
The bat closely misses you.
You completely miss the bat.
You feel very sick. The bat hits you but does no damage.
The kobold hits you with a +2 dagger of venom.
You are more poisoned.
You closely miss the kobold.
You feel very sick. The bat hits you but does no damage.
The kobold closely misses you.
You closely miss the kobold.
You feel very sick.
The kobold hits you with a +2 dagger of venom.
You are more poisoned.
The bat hits you.
You closely miss the bat.
You feel very sick. The bat hits you but does no damage.
You are too injured to fight recklessly!
It was a potion of haste.
You feel yourself speed up.
You feel very sick. The bat hits you but does no damage.
The kobold hits you with a +2 dagger of venom.
* * * LOW HITPOINT WARNING * * *
You are lethally poisoned!
You barely miss the kobold.
* * * LOW HITPOINT WARNING * * *
You feel very sick. The kobold hits you but does no damage.
* * * LOW HITPOINT WARNING * * *
You feel very sick. The bat hits you but does no damage.
You claw the bat!
You kill the bat!
You die...

##.# ...# .#####..#
........# ........#
........# .......K# #†#
#@# # #.#.# ##.#.#
#....# ##. .# # #..###
### ...####.#.# #..# #.#
.#....#.#.### #..# #.#
..............#..# #.#
..........###.#..#####.#


You could see a kobold.

Vanquished Creatures
  3 dart slugs
  6 bats
  4 endoplasms (D:1)
  4 giant cockroaches
  A goblin (D:1)
  A hobgoblin (D:2)
  5 kobolds
  2 quokkas (D:1)
  A ball python (D:1)
  4 frilled lizards (D:1)
  A rat (D:1)
32 creatures vanquished.

Notes
Turn   | Place    | Note
-------+----------+-------------------------------------------
     0 | D:1      | promet the Troll Hedge Wizard began the quest for the Orb.
     0 | D:1      | Reached XP level 1. HP: 16/16 MP: 2/2
   113 | D:1      | Reached skill level 1 in Conjurations
   233 | D:1      | Reached XP level 2. HP: 24/24 MP: 4/4
   564 | D:1      | Learned a level 2 spell: Blink
   715 | D:1      | Reached XP level 3. HP: 31/31 MP: 0/5
  1289 | D:2      | HP: 1/31 [poisoned by a kobold]
  1290 | D:2      | Succumbed to a kobold's poison

Illustrated notes

Levels and vault maps discovered:
D:1:      psy_arrival_radial02, layout_basic, minmay_misc_feat_five
D:2:      layout_basic, ebering_ecumenical_altar_mist, minmay_misc_feat_encased,
          grunt_decor_fettered, uniq_robin

Skill      XL: |  1 |
---------------+----+-----
Conjurations   | 1 |  1.1
Dodging        | |  1.7
Stealth        | |  1.3
Unarmed Combat | |  0.7
Spellcasting   | |  2.3
Summonings     | |  0.6
Translocations | |  0.6

Action                   || total
-------------------------++-------
Melee: Unarmed           ||    80
       Punch             ||     1
 Cast: Magic Dart        ||    30
  Use: Potion            ||     1
 Stab: Sleeping          ||     1
Armor: Robe              ||    61
Dodge: Dodged            ||    49
